 Dungeon Crawl Stone Soup version 0.20.1-1-g8b1a95d (webtiles) character file.

15029 Nattfarinn the Protected (level 12, 0/80 HPs)
             Began as a Gargoyle Berserker on Aug 3, 2017.
             Was a High Priest of Trog.
             Slain by an orc warrior
             ... wielding a +0 halberd
              (11 damage)
             ... on level 12 of the Dungeon.
             The game lasted 00:34:48 (12422 turns).

Nattfarinn the Protected (Gargoyle Berserker)      Turns: 12422, Time: 00:34:48

Health: 0/80       AC: 26    Str: 25    XL:     12   Next: 22%
Magic:  0/12       EV:  8    Int: 13    God:    Trog [*****.]
Gold:   654        SH:  2    Dex: 15    Spells: 11/11 levels left

rFire    . . .     SeeInvis .   T - +0 flail
rCold    . . .     Gourm    .   (no shield)
rNeg     + + .     Faith    .   V - +0 plate armour
rPois    ∞         Spirit   +   z - +0 helmet of Apathy {Str+4}
rElec    +         Reflect  +   i - scarf {Spirit}
rCorr    +         Harm     .   (no gloves)
MR       +....                  (no boots)
Stlth    ..........             M - +2 amulet of reflection
Regen    0.3/turn               h - ring of resist corrosion
MPRegen  0.2/turn               p - ring of positive energy

@: berserk cooldown, slowed, very slow
A: thin skeletal structure 1, clever 2, magic resistance 1, negative energy
resistance 1, electricity resistance, unbreathing, petrification resistance, rot
immunity, subdued magic 1, AC +8
a: Berserk, Trog's Hand, Brothers in Arms, Burn Spellbooks, Renounce Religion


You were on level 12 of the Dungeon.
You worshipped Trog.
Trog was extremely pleased with you.
You were hungry.

You visited 1 branch of the dungeon, and saw 12 of its levels.
You also visited: Sewer.

You collected 654 gold pieces.

Inventory:

Hand Weapons
 Q - the +6 falchion "Vaenio Cergh" {flame, +Blink rC- Int+8 Dex-4}
   (You found it on level 8 of the Dungeon)

   It has been specially enchanted to burn those struck by it, causing extra
   injury to most foes and up to half again as much damage against particularly
   susceptible opponents.
   Big, fiery blades are also staple armaments of hydra-hunters.
   It affects your intelligence (+8).
   It affects your dexterity (-4).
   It makes you vulnerable to cold.
   It lets you blink.
 T - a +0 flail (weapon)
 Y - a +4 longbow of flaming
Missiles
 l - 5 silver javelins (quivered)
 D - 44 poisoned needles
 L - 220 arrows
Armour
 i - a scarf of spirit shield (worn)
 z - the +0 helmet of Apathy (worn) {Str+4}
   (You found it on level 12 of the Dungeon)

   It affects your strength (+4).
 V - a +0 plate armour (worn)
Jewellery
 h - a ring of resist corrosion (left hand)
 p - a ring of positive energy (right hand)
 y - a +5 ring of intelligence {unknown}
 F - an uncursed ring of magical power {unknown}
 M - a +2 amulet of reflection (around neck)
 O - a +3 ring of strength {unknown}
Scrolls
 e - 5 scrolls of remove curse
 g - a scroll of identify
 n - 3 scrolls of blinking
 o - 3 scrolls of fear {unknown}
 r - 2 scrolls of vulnerability {unknown}
 u - 6 scrolls of recharging
 v - 2 scrolls of magic mapping {unknown}
 w - 2 scrolls of immolation {unknown}
 A - 2 scrolls of enchant armour {unknown}
 C - 2 scrolls of fog {unknown}
 E - a scroll of random uselessness {unknown}
 K - 5 scrolls of teleportation
 P - 2 scrolls of noise {unknown}
 R - 2 scrolls of holy word {unknown}
Potions
 b - a potion of ambrosia {unknown}
 f - 2 potions of heal wounds
 j - 11 potions of curing
 k - 2 potions of resistance
 m - a potion of agility {unknown}
 q - a potion of mutation
 s - 4 potions of brilliance
 t - 5 potions of haste
 x - 2 potions of flight {unknown}
 H - 5 potions of might
 I - 2 potions of magic {unknown}
 W - 2 potions of lignification {unknown}
 X - 3 potions of degeneration {unknown}
Miscellaneous
 U - a fan of gales
Comestibles
 a - 2 chunks of flesh
 c - 4 bread rations
 d - 3 meat rations
 S - 7 royal jellies
 Z - 4 fruits


   Skills:
 * Level 11.4 Fighting
 + Level 10.7 Maces & Flails
 * Level 6.6 Bows
 * Level 12.4 Armour
 - Level 1.5 Dodging


You had 11 spell levels left.
You didn't know any spells.

Dungeon Overview and Level Annotations

Branches:
Dungeon (12/15)            Temple (0/1) D:6            Lair (0/6) D:9
    Orc (0/2) D:9

Altars:
Cheibriados
Dithmenos
Elyvilon
Gozag
Hepliaklqana
Nemelex Xobeh
Qazlal
Ru
Sif Muna
Trog
Xom
Yredelemnul
Zin
The Shining One

Shops:
D:4 (   D:6 [   D:10 =


Innate Abilities, Weirdness & Mutations

You are resistant to torment.
Your stone body is resilient. (AC +8)
You are immune to poison.
You resist negative energy. (rN+)
You are resistant to electric shocks. (rElec)
You can survive without breathing.
You are immune to petrification.
You are immune to rotting.
You have a somewhat thin skeletal structure. (Dex +2, Stealth)
Your mind is very acute. (Int +4)
You are resistant to hostile enchantments. (MR+)
Your spells are a little easier to cast, but a little less powerful.


Message History

You bludgeon the orc warrior!!
The orc warrior is severely wounded.
The orc warrior hits you but does no damage.
You sock the orc warrior!
The orc warrior is almost dead.
The orc warrior hits you from afar with a halberd!
* * * LOW HITPOINT WARNING * * *
You sock the orc warrior!
You kill the orc warrior!
Trog accepts your kill.
You are no longer berserk.
You are exhausted.
You feel yourself slow down.
An orc warrior comes into view. It is wielding a hand axe.
You feel much better.
The orc warrior shouts!
The orc warrior hits you from afar with a halberd!!
* * * LOW HITPOINT WARNING * * *
The orc warrior hits you from afar with a halberd!
You die...

######## ############......#
..)........#.####.#
####(####.##.# #.####
.......##.##.# #....#
.......##.##.#######.#
.#...#.##....#))@....#
........#.##.#o#######
.#...#.#..##.#.#
.............#o#######
.#.....#..#^.Vo.......
..........C...o.......
.......#.....#o############
.......................... {
####.#.#..#..#.####....#######{{


You could see an orc warrior.

Vanquished Creatures
  A hydra (D:11)
  The ghost of Nidhoragg the Basher, a journeyman MiBe of Trog (D:9)
  A two-headed ogre (D:12)
  The ghost of Energizer the Fighter, a novice DsCK of Xom (D:8)
  Urug (D:12)
  An orc knight (D:12)
  An ugly thing (D:11)
  A cyclops (D:11)
  Psyche (D:12)
  A troll (D:9)
  A queen bee (D:9)
  A hippogriff (D:12)
  2 wyverns
  3 yaks (D:9)
  4 ice beasts
  6 sky beasts
  2 phantoms
  4 orc warriors
  An ogre (D:7)
  2 black bears (D:6)
  The ghost of fino the Ruffian, an amateur DrTm (D:3)
  8 centaurs
  A big kobold (D:3)
  8 bullfrogs
  A scorpion (D:10)
  22 killer bees
  8 wights
  3 centaur zombies
  8 crimson imps
  A quasit (D:9)
  2 jellies
  10 orc wizards
  5 bullfrog skeletons
  9 hounds
  4 orc priests
  5 centaur skeletons
  6 iguanas
  7 worker ants
  A worker ant zombie (D:5)
  A howler monkey skeleton (D:9)
  11 gnolls
  22 adders
  A river rat (Sewer)
  5 shadow imps
  3 oozes
  An adder skeleton (D:7)
  2 worms (D:3)
  3 dart slugs (D:1)
  9 leopard geckos
  34 orcs
  16 ball pythons
  6 giant cockroaches
  9 goblins
  6 hobgoblins
  10 jackals
  3 quokkas
  4 bats
  5 frilled lizards
  A jackal skeleton (D:6)
  9 kobolds
  A leopard gecko zombie (D:6)
  29 rats
337 creatures vanquished.

Vanquished Creatures (collateral kills)
  A two-headed ogre (D:12)
  3 death yaks (D:9)
  4 yaks (D:9)
  An orc warrior (D:12)
  A hornet zombie (D:9)
  2 orc wizards (D:12)
  A worker ant (D:12)
  An orc (D:12)
14 creatures vanquished.

Vanquished Creatures (others)
  A gnoll sergeant (D:7)
1 creature vanquished.

Grand Total: 352 creatures vanquished

Notes
Turn   | Place    | Note
-------+----------+-------------------------------------------
     0 | D:1      | Nattfarinn the Gargoyle Berserker began the quest for the Orb.
     0 | D:1      | Reached XP level 1. HP: 14/14 MP: 1/1
   146 | D:1      | Reached XP level 2. HP: 14/20 MP: 2/2
   562 | D:2      | Reached XP level 3. HP: 24/24 MP: 3/3
   571 | D:2      | Reached XP level 4. HP: 29/29 MP: 4/4
   777 | D:2      | Reached ** piety under Trog
  1313 | D:3      | Reached skill level 3 in Armour
  1321 | D:3      | Reached XP level 5. HP: 32/34 MP: 3/5
  1359 | D:3      | Found a sacrificial altar of Ru.
  1359 | D:3      | Found a glowing silver altar of Zin.
  1360 | D:3      | Found a shadowy altar of Dithmenos.
  1360 | D:3      | Found a deep blue altar of Sif Muna.
  1596 | D:3      | Noticed a big kobold
  1599 | D:3      | Noticed fino's ghost (amateur DrTm)
  1620 | D:3      | Killed a big kobold
  1620 | D:3      | Reached skill level 5 in Fighting
  1631 | D:3      | Killed fino's ghost
  1631 | D:3      | Reached XP level 6. HP: 40/40 MP: 6/6
  1656 | D:3      | Reached skill level 5 in Maces & Flails
  2404 | D:4      | Found Deudduurr's Antique Weapon Shoppe.
  2535 | D:4      | Reached *** piety under Trog
  2535 | D:4      | Reached XP level 7. HP: 39/45 MP: 5/7
  2544 | D:4      | Reached skill level 4 in Armour
  2566 | D:4      | Reached skill level 1 in Bows
  3044 | D:5      | Entered Level 5 of the Dungeon
  3091 | D:5      | Gained mutation: You have a pair of small horns on your head. [mutagenic meat]
  3092 | D:5      | Gained mutation: You expend magic power (3 MP) to strengthen your wands. [mutagenic meat]
  3093 | D:5      | Gained mutation: You occasionally shout uncontrollably at your foes. [mutagenic meat]
  3094 | D:5      | Gained mutation: You have sharp fingernails. [mutagenic meat]
  3263 | D:5      | Reached XP level 8. HP: 52/52 MP: 8/8
  3321 | D:5      | Reached skill level 5 in Armour
  3345 | D:5      | Reached **** piety under Trog
  3445 | D:5      | Found a glowing drain.
  3454 | Sewer    | Entered a sewer
  3959 | D:5      | Reached skill level 6 in Armour
  4055 | D:5      | Reached ***** piety under Trog
  4077 | D:5      | Found a stormy altar of Qazlal.
  4077 | D:5      | Found an opulent altar of Gozag.
  4243 | D:6      | Found a white marble altar of Elyvilon.
  4331 | D:6      | Found a staircase to the Ecumenical Temple.
  4363 | D:6      | Found Teamur's Armour Shoppe.
  4535 | D:6      | Reached XP level 9. HP: 24/57 MP: 4/9
  4556 | D:6      | Reached skill level 7 in Armour
  4564 | D:6      | Found a bloodstained altar of Trog.
  5864 | D:7      | Reached skill level 8 in Armour
  6100 | D:7      | Received a gift from Trog
  6229 | D:7      | Found a shimmering altar of Xom.
  6864 | D:8      | Noticed Energizer's ghost (novice DsCK)
  6905 | D:8      | Killed Energizer's ghost
  6905 | D:8      | Reached skill level 9 in Armour
  6905 | D:8      | Reached XP level 10. HP: 41/65 MP: 5/10
  7310 | D:8      | Received a gift from Trog
  7471 | D:8      | Found a snail-covered altar of Cheibriados.
  7600 | D:8      | Got a pitted falchion
  7601 | D:8      | Identified the +6 falchion "Vaenio Cergh" {flame, +Blink rC- Int+8 Dex-4} (You found it on level 8 of the Dungeon)
  7652 | D:8      | Found a hazy altar of Hepliaklqana.
  7652 | D:8      | Found a basalt altar of Yredelemnul.
  7712 | D:8      | Found a glowing golden altar of the Shining One.
  8077 | D:9      | Noticed a death yak
  8078 | D:9      | Noticed a death yak
  8082 | D:9      | Noticed a death yak
  8090 | D:9      | Killed a death yak
  8093 | D:9      | Killed a death yak
  8093 | D:9      | Reached skill level 10 in Armour
  8097 | D:9      | Killed a death yak
  8259 | D:9      | Noticed Nidhoragg's ghost (journeyman MiBe)
  8278 | D:9      | Killed Nidhoragg's ghost
  8278 | D:9      | Reached skill level 5 in Bows
  8278 | D:9      | Reached XP level 11. HP: 22/71 MP: 3/11
  8511 | D:9      | Found a staircase to the Lair.
  8522 | D:9      | Found a glowing silver altar of Zin.
  8639 | D:9      | Reached skill level 11 in Armour
  9104 | D:8      | Reached skill level 10 in Fighting
  9956 | D:9      | Found a staircase to the Orcish Mines.
 10078 | D:10     | Entered Level 10 of the Dungeon
 10100 | D:10     | Found Omeph's Jewellery Boutique.
 10544 | D:10     | Found a sparkling altar of Nemelex Xobeh.
 10797 | D:10     | Received a gift from Trog
 10929 | D:11     | Noticed an eight-headed hydra
 10942 | D:11     | Killed an eight-headed hydra
 11007 | D:11     | Noticed a cyclops
 11026 | D:11     | Killed a cyclops
 11179 | D:11     | Lost mutation: You occasionally shout uncontrollably at your foes. [potion of mutation]
 11179 | D:11     | Lost mutation: You have a pair of small horns on your head. [potion of mutation]
 11179 | D:11     | Lost mutation: You expend magic power (3 MP) to strengthen your wands. [potion of mutation]
 11179 | D:11     | Gained mutation: You have a pair of small antennae on your head. [potion of mutation]
 11179 | D:11     | Gained mutation: You have a somewhat thin skeletal structure. (Dex +2, Stealth) [potion of mutation]
 11303 | D:11     | Noticed a brown ugly thing
 11321 | D:11     | Killed a brown ugly thing
 11321 | D:11     | Reached skill level 12 in Armour
 11736 | D:12     | Reached skill level 10 in Maces & Flails
 11910 | D:12     | Noticed a two-headed ogre
 11930 | D:12     | HP: 1/73 [two-headed ogre/giant spiked club (4)]
 11931 | D:12     | Killed a two-headed ogre
 12213 | D:12     | Noticed Psyche
 12221 | D:12     | Killed Psyche
 12221 | D:12     | Reached XP level 12. HP: 80/80 MP: 10/12
 12287 | D:12     | Got an encrusted helmet
 12288 | D:12     | Lost mutation: You have sharp fingernails. [potion of mutation]
 12288 | D:12     | Lost mutation: You have a pair of small antennae on your head. [potion of mutation]
 12288 | D:12     | Gained mutation: Your spells are a little easier to cast, but a little less powerful. [potion of mutation]
 12288 | D:12     | Gained mutation: Your mind is acute. (Int +2) [potion of mutation]
 12288 | D:12     | Gained mutation: You are resistant to hostile enchantments. (MR+) [potion of mutation]
 12288 | D:12     | Gained mutation: Your mind is very acute. (Int +4) [potion of mutation]
 12294 | D:12     | Identified the +0 helmet of Apathy {Str+4} (You found it on level 12 of the Dungeon)
 12300 | D:12     | Noticed Urug
 12314 | D:12     | Killed Urug
 12392 | D:12     | Noticed a two-headed ogre
 12407 | D:12     | Killed a two-headed ogre
 12422 | D:12     | Slain by an orc warrior

Skill      XL: |  1  2  3  4  5  6  7  8  9 10 11 |
---------------+----------------------------------+-----
Fighting       | 4 5 6 7 8 9 11 | 11.4
Maces & Flails | 4 5 6 7 8 9 10 | 10.7
Armour         | 3 4 6 9 10 12 | 12.4
Bows           | 1 3 4 5 6 |  6.6
Dodging        | |  1.5

Action                   |  1- 3 |  4- 6 |  7- 9 | 10-12 || total
-------------------------+-------+-------+-------+-------++-------
Melee: Mace              |    50 |   260 |   771 |    94 ||  1175
       Headbutt          |       |       |   125 |    82 ||   207
       Falchion          |       |       |       |   101 ||   101
       Flail             |       |       |       |   499 ||   499
Throw: Javelin           |       |       |     5 |       ||     5
Invok: Berserk           |     1 |     1 |     4 |    10 ||    16
       Trog's Hand       |       |     1 |       |       ||     1
       Burn Spellbooks   |       |     1 |     2 |       ||     3
       Brothers in Arms  |       |       |       |     2 ||     2
  Use: Potion            |       |       |       |     6 ||     6
       Scroll            |       |       |       |    11 ||    11
 Stab: Sleeping          |       |     1 |       |       ||     1
  Eat: Chunk             |       |     7 |    16 |    26 ||    49
       Royal jelly       |       |       |     2 |       ||     2
       Fruit             |       |       |     2 |       ||     2
       Meat ration       |       |       |     1 |       ||     1
Armor: Animal skin       |     8 |    59 |       |       ||    67
       Chain mail        |       |    80 |   578 |   438 ||  1096
       Plate armour      |       |       |       |   280 ||   280
Dodge: Dodged            |    22 |   160 |   334 |   418 ||   934
Block: Other             |       |       |       |    18 ||    18
       Rpst.: Falchion   |       |       |       |    22 ||    22
